 Dungeon Crawl Stone Soup version 0.30-a0-360-g447f08457e (webtiles) character file.

Game seed: 9079865648658527760

1317 pokeman the Thaumaturge (level 8, 0/44 HPs)
             Began as a Deep Elf Hedge Wizard on Nov 13, 2022.
             Was an Initiate of Vehumet.
             Killed from afar by an orc wizard (8 damage)
             ... with a magic dart
             ... on level 7 of the Dungeon.
             The game lasted 00:13:53 (7643 turns).

pokeman the Thaumaturge (Deep Elf Hedge Wizard)     Turns: 7643, Time: 00:13:54

Health: 0/44       AC:  7    Str: 13    XL:     8   Next: 33%
Magic:  7/23       EV: 12    Int: 22    God:    Vehumet [......]
Gold:   357        SH:  0    Dex: 14    Spells: 16/26 levels left

rFire   . . .      SeeInvis .    C - +1 morningstar (vamp)
rCold   + . .      Faith    .    (no shield)
rNeg    . . .      Spirit   .    f - +0 leather armour
rPois   .          Reflect  .    H - +1 helmet
rElec   .          Harm     .    (no cloak)
rCorr   .          Rampage  .    m - +0 pair of gloves
Will    .....                    w - +0 pair of boots
Stlth   ++........               e - amulet of regeneration
HPRegen 1.07/turn                A - +6 ring of strength
MPRegen 0.18/turn                u - ring of protection from cold

@: no status effects
A: no striking features
a: Renounce Religion


You were on level 7 of the Dungeon.
You worshipped Vehumet.
Vehumet was noncommittal.
You visited 1 branch of the dungeon, and saw 7 of its levels.

You collected 357 gold pieces.

Inventory:

Hand Weapons
 C - a +1 vampiric morningstar (weapon)
 I - a +0 spear of venom
Armour
 f - a +0 leather armour (worn)
 m - a +0 pair of gloves (worn)
 w - a +0 pair of boots (worn)
 H - a +1 helmet (worn)
 R - an orb of mayhem
Magical Staves
 L - a staff of earth
Jewellery
 e - an amulet of regeneration (around neck)
 h - a +6 ring of dexterity
 u - a ring of protection from cold (right hand)
 A - a +6 ring of strength (left hand)
 B - a ring of flight
 F - a ring of protection from cold
 Q - a ring of positive energy
Wands
 q - a wand of iceblast (21)
 E - a wand of paralysis (16)
 M - a wand of polymorph (14)
Scrolls
 a - 6 scrolls of identify {unknown}
 b - a scroll of poison {unknown}
 i - a scroll of immolation {unknown}
 k - 2 scrolls of noise {unknown}
 r - a scroll of fear {unknown}
 s - a scroll of blinking {unknown}
 x - 2 scrolls of enchant armour {unknown}
 y - 3 scrolls of amnesia {unknown}
 D - a scroll of enchant weapon {unknown}
 N - a scroll of brand weapon {unknown}
 O - a scroll of teleportation {unknown}
 S - a scroll of silence {unknown}
Potions
 c - a potion of ambrosia {unknown}
 d - a potion of magic
 g - 2 potions of attraction {unknown}
 j - 2 potions of curing
 l - a potion of degeneration {unknown}
 n - 4 potions of haste
 o - 2 potions of might {unknown}
 p - a potion of flight {unknown}
 t - a potion of berserk rage {unknown}
 v - a potion of mutation {unknown}
 z - a potion of heal wounds {unknown}
 G - a potion of resistance {unknown}
 J - a potion of lignification {unknown}
 K - a potion of brilliance {unknown}
 P - a potion of invisibility {unknown}


   Skills:
 - Level 2.0 Fighting
 + Level 2.7 Armour
 - Level 3.0 Dodging
 - Level 3.0 Stealth
 * Level 9.9 Spellcasting
 + Level 5.2 Conjurations
 - Level 1.1 Summonings
 - Level 1.1 Translocations
 - Level 1.0 Transmutations
 - Level 1.0 Air Magic
 - Level 1.2 Earth Magic
 - Level 1.1 Poison Magic
 - Level 1.0 Evocations


You had 16 spell levels left.
You knew the following spells:

 Your Spells              Type           Power      Damage    Failure   Level
a - Magic Dart            Conj           100%       1d8       1%          1
b - Mephitic Cloud        Conj/Pois/Air  21%        N/A       9%          3
c - Call Imp              Summ           15%        N/A       8%          2
d - Blink                 Tloc           30%        N/A       8%          2
e - Wereblood             Tmut           15%        N/A       8%          2

Your spell library contained the following spells:

 Spells                   Type           Power      Damage    Failure   Level
 Sting                    Tmut/Pois      60%        1d6       4%          1
 Slow                     Hex            40%        N/A       8%          1
 Poisonous Vapours        Pois/Air       30%        N/A       8%          2
 Cigotuvi's Dreadful Rot  Necr/Pois/Air  28%        N/A       9%          2
 Sublimation of Blood     Necr           10%        N/A       12%         2
 Tukima's Dance           Hex            10%        N/A       24%         3
 Olgreb's Toxic Radiance  Pois           15%        N/A       43%         4
 Passage of Golubria      Tloc           15%        N/A       43%         4
 Yara's Violent Unravell  Hex/Tmut       6%         3d5       87%         5
 Summon Hydra             Summ           7%         N/A       100%        7


Dungeon Overview and Level Annotations

Branches:
Dungeon (7/15)             Temple (0/1) D:7

Altars:
Elyvilon
Fedhas
Hepliaklqana
Nemelex Xobeh
Uskayaw
Vehumet
Yredelemnul

Shops:
D:2 *

Annotations:
D:4 2 runed translucent doors, Manisia's ghost, amateur MiBe


Message History

Casting: Mephitic Cloud (dangerous; 9% risk of failure)
Confirm with . or Enter, or press ? or * to list all spells.
You blink.
The orc wizard is engulfed in noxious fumes.
The orc wizard appears confused.
Casting: Blink (safe; 8% risk of failure)
Confirm with . or Enter, or press ? or * to list all spells.
A beastly little devil appears in a puff of flame.
The water moccasin bites you.
* * * LOW HITPOINT WARNING * * *
You are poisoned.
The water moccasin poisons you!
The water moccasin attacks as you move away!
The water moccasin barely misses you.
You feel sick.
The water moccasin bites your crimson imp!
Your crimson imp blinks!
You feel stable enough to blink again.
You feel sick.
A sky beast comes into view.
You feel sick.
Your crimson imp blinks!
You feel sick.
Casting: Call Imp (safe; 8% risk of failure)
Confirm with . or Enter, or press ? or * to list all spells.
You blink.
A water moccasin comes into view.
Found a staircase to the Ecumenical Temple.
The water moccasin hisses angrily.
You feel sick.
You feel sick.
You feel sick.
You hear some strange, mumbled words.
Something tries to affect you, but you resist.
The sky beast barely misses you.
You feel stable enough to blink again.
You feel sick.
You are no longer poisoned.
A magic dart appears from out of thin air!
The magic dart hits you!
You die...

#..)............o..#........
).....................(.....
....................#######.
#................##..#
#.................##.##
..........5...........#
............#.#S#.#.#.#
..............Y...{...#
##..........#.S.@...#.#
#......†.............#
##.........#...>...#.#
#.....................
##........#.......#...
#....................
########.#.#.#.#.#...
#............. ##.


You could see 2 water moccasins, a sky beast and a friendly crimson imp
(summoned).

Vanquished Creatures
  A water moccasin (D:5)
  A sky beast (D:6)
  An ice beast (D:5)
  2 bullfrogs
  4 necrophages
  A jelly (D:5)
  4 hounds
  3 orc priests
  2 iguanas (D:6)
  6 orc wizards
  Robin (D:4)
  5 adders
  A shadow imp (D:6)
  A white imp (D:6)
  2 ufetubi (D:5)
  3 worms
  2 dart slugs
  19 orcs
  8 ball pythons
  7 endoplasms
  4 giant cockroaches
  17 goblins
  10 hobgoblins
  4 quokkas
  13 bats
  3 frilled lizards
  6 kobolds
  6 rats
  A spectral kobold (D:3)
138 creatures vanquished.

Notes
Turn   | Place    | Note
-------+----------+-------------------------------------------
     0 | D:1      | pokeman the Deep Elf Hedge Wizard began the quest for the
                  | Orb.
     0 | D:1      | Reached XP level 1. HP: 10/10 MP: 7/7
   239 | D:1      | Reached XP level 2. HP: 15/15 MP: 4/9
   903 | D:1      | Reached skill level 5 in Spellcasting
  1327 | D:1      | Reached XP level 3. HP: 20/20 MP: 8/11
  1331 | D:1      | Learned a level 3 spell: Mephitic Cloud
  1334 | D:1      | Learned a level 2 spell: Call Imp
  1337 | D:1      | Learned a level 2 spell: Blink
  1929 | D:2      | Reached skill level 1 in Fighting
  1929 | D:2      | Reached skill level 1 in Armour
  2052 | D:2      | Reached XP level 4. HP: 25/25 MP: 10/13
  2176 | D:2      | Reached skill level 6 in Spellcasting
  2286 | D:2      | Found Fekaw's Assorted Antiques.
  2713 | D:2      | Reached XP level 5. HP: 29/29 MP: 9/15
  3155 | D:3      | Reached skill level 1 in Evocations
  3355 | D:3      | Found a blossoming altar of Fedhas.
  3507 | D:3      | Found a hazy altar of Hepliaklqana.
  4064 | D:4      | Reached skill level 1 in Air Magic
  4225 | D:4      | Noticed Robin
  4241 | D:4      | Reached XP level 6. HP: 34/34 MP: 8/17
  4266 | D:4      | Killed Robin
  4546 | D:4      | Reached skill level 7 in Spellcasting
  4546 | D:4      | Reached skill level 1 in Poison Magic
  4875 | D:4      | Found a large runed translucent door.
  4876 | D:4      | Found a large runed translucent door.
  4878 | D:4      | Noticed Manisia's ghost (amateur MiBe)
  5095 | D:5      | Entered Level 5 of the Dungeon
  5362 | D:5      | Learned a level 2 spell: Wereblood
  5465 | D:5      | Found a white marble altar of Elyvilon.
  5495 | D:5      | Found a sparkling altar of Nemelex Xobeh.
  5500 | D:5      | Reached XP level 7. HP: 36/39 MP: 15/20
  5789 | D:5      | Reached skill level 8 in Spellcasting
  5789 | D:5      | Reached skill level 1 in Transmutations
  6443 | D:6      | Reached skill level 1 in Earth Magic
  6486 | D:6      | Found a hide-covered altar of Uskayaw.
  6489 | D:6      | Found a radiant altar of Vehumet.
  6489 | D:6      | Found a basalt altar of Yredelemnul.
  6504 | D:6      | Became a worshipper of Vehumet
  6811 | D:6      | Reached skill level 9 in Spellcasting
  6965 | D:6      | Reached XP level 8. HP: 36/44 MP: 9/23
  7399 | D:7      | Reached skill level 5 in Conjurations
  7630 | D:7      | HP: 2/44 [water moccasin (3)]
  7640 | D:7      | Found a staircase to the Ecumenical Temple.
  7643 | D:7      | Killed from afar by an orc wizard

Illustrated notes

Levels and vault maps discovered:
D:1:      erik_arrival_blinker_ship, layout_basic, nicolae_titane
D:2:      layout_loops_cross, serial_shops, nicolae_shop_behind_doors
D:3:      layout_loops_ring, nicolae_hepliaklqana_monster_ancestors,
          fedhas_altar_3, glass_columns_b, minmay_statues_item
D:4:      layout_loops_ring, ebering_ghost_disaster_area,
          minmay_misc_feat_enclosed, nicolae_figureground_pulse, uniq_robin
D:5:      layout_gridville, mainiacjoe_overflow_two_lobes
D:6:      layout_rooms, chequers_temple_overflow_statue_of_worship
D:7:      minmay_flawed_box, layout_cave_pods, nicolae_dithmenos_the_darkroom,
          minmay_temple_entry_glass, glass_columns_a

Skill      XL: |  1  2  3  4  5  6  7  8 |
---------------+-------------------------+-----
Spellcasting   | 5 6 7 9 |  9.9
Fighting       | 1 2 |  2.0
Armour         | 1 2 |  2.7
Conjurations   | 2 3 4 5 |  5.2
Stealth        | 3 |  3.0
Dodging        | 3 |  3.0
Evocations     | 1 |  1.0
Air Magic      | 1 |  1.0
Poison Magic   | 1 |  1.1
Transmutations | 1 |  1.0
Earth Magic    | 1 |  1.2
Summonings     | |  1.1
Translocations | |  1.1

Action                   |  1- 3 |  4- 6 |  7- 9 || total
-------------------------+-------+-------+-------++-------
Melee: Long sword        |     1 |    22 |       ||    23
       Dagger            |     1 |       |       ||     1
       Morningstar       |       |    35 |    47 ||    82
       Punch             |       |       |     1 ||     1
 Cast: Magic Dart        |   113 |   132 |   153 ||   398
       Mephitic Cloud    |     1 |     6 |     5 ||    12
       Call Imp          |     1 |       |     4 ||     5
       Blink             |       |     4 |     3 ||     7
       Wereblood         |       |       |     2 ||     2
  Use: Potion            |       |       |     1 ||     1
 Stab: Confused          |       |     5 |     3 ||     8
       Sleeping          |       |     1 |       ||     1
Armor: Leather armour    |     3 |    49 |    57 ||   109
Dodge: Dodged            |     4 |    68 |    95 ||   167

Table legend: (Time is in decaauts)
 A = Elapsed time spent in this place.
 B = Non-inter-level travel time spent in this place.
 C = Inter-level travel time spent in this place.
 D = Time resting spent in this place.
 E = Time spent auto-exploring this place.
 F = Levels seen in this place.
 G = Mean time per level.
                   A        B        C        D        E       F      G
               +--------+--------+--------+--------+--------+-----+--------+
         Total |   7689 |   7446 |    243 |      3 |   6305 |   7 | 1098.4 |
       Dungeon |   7689 |   7446 |    243 |      3 |   6305 |   7 | 1098.4 |
               +--------+--------+--------+--------+--------+-----+--------+

Top non-repeatable levels by time:
     D:1: 1598 daAuts
     D:5: 1321 daAuts
     D:3: 1256 daAuts
     D:2: 1164 daAuts
     D:4: 1099 daAuts
     D:6: 901 daAuts
     D:7: 348 daAuts
